 Dungeon Crawl Stone Soup version 0.26.1-12-g5ba1501909 (webtiles) character file.

Game seed: 1030628001454983888

37 Zeld the Sneak (level 3, -4/24 HPs)
             Began as an Octopode Brigand on Oct 28, 2021.
             Killed from afar by Natasha (7 damage)
             ... with a magic dart
             ... on level 2 of the Dungeon.
             The game lasted 00:01:32 (1083 turns).

Zeld the Sneak (Octopode Brigand)                   Turns: 1083, Time: 00:01:32

Health: -4/24      AC:  1    Str: 10    XL:     3   Next: 39%
Magic:  3/3        EV: 13    Int: 13    God:
Gold:   14         SH:  0    Dex: 14    Spells: 2/2 levels left

rFire    . . .     SeeInvis .   a - +2 dagger
rCold    . . .     Faith    .   (no shield)
rNeg     . . .     Spirit   .   (helmet restricted)
rPois    .         Reflect  .   (no amulet)
rElec    .         Harm     .   (no ring)
rCorr    .         Rampage  .   (no ring)
Will     .....                  (no ring)
Stlth    ++++......             (no ring)
HPRegen  0.08/turn              (no ring)
MPRegen  0.08/turn              (no ring)
                                (no ring)
                                (no ring)

@: no status effects
A: almost no armour, stealthy swim, amphibious, 8 rings, constrict 8, camouflage
1, gelatinous body 1
a: no special abilities


You were on level 2 of the Dungeon.
You visited 1 branch of the dungeon, and saw 2 of its levels.

You collected 14 gold pieces.

Inventory:

Hand Weapons
 a - a +2 dagger (weapon)
Missiles
 b - 28 poisoned darts (quivered)
 c - 2 curare-tipped darts
Jewellery
 j - an uncursed amulet of guardian spirit {unknown}
Scrolls
 d - a scroll of random uselessness {unknown}
 f - a scroll of teleportation {unknown}
 g - a scroll of noise {unknown}
 h - a scroll of magic mapping {unknown}
 k - a scroll of identify {unknown}
Potions
 e - 2 potions of heal wounds {unknown}
 i - a potion of haste {unknown}


   Skills:
 + Level 2.3 Fighting
 * Level 2.6 Short Blades
 * Level 2.5 Throwing
 + Level 1.2 Dodging
 + Level 5.5 Stealth


You had 2 spell levels left.
You didn't know any spells.
Your spell library was empty.

Dungeon Overview and Level Annotations

Branches:
Dungeon (2/15)

Altars:

Annotations:
D:2 Natasha


Innate Abilities, Weirdness & Mutations

You cannot wear most types of armour.
You are very stealthy in the water. (Stealth+)
You are amphibious.
You can wear up to eight rings at the same time.
You can use your tentacles to constrict eight enemies at once.
Your skin changes colour to match your surroundings (Stealth+).
Your rubbery body absorbs attacks. (AC +1, EV +1)


Message History

No target in view!
Something tries to affect you, but you resist.
There is an open door here.
You start waiting.
A shadow imp is nearby!
You barely miss something. You squeeze something.
You hear some strange, mumbled words.
A magic dart appears from out of thin air!
The magic dart hits you.
You closely miss something. Something claws you.
You completely miss something. Something claws you.
You closely miss something. Something barely misses you.
You are too injured to fight recklessly!
You hear some strange, mumbled words.
A magic dart appears from out of thin air!
The magic dart hits you!
* * * LOW HITPOINT WARNING * * *
A magic dart appears from out of thin air!
The magic dart hits you!
You die...

#.. .#### #..#.#.#.#.# #..#
...#####..........# #.5..
#.........#.#.#.#.###
#.....##......##...........#
..{..............#.#.#.#...#
....#####5######.........).#
. #.# #.#.#.#[#...#
..#####.######...........#
............{.@..........+
+#.#########.###.#.......##
#.....#........#####
#....######......... #....#
###..##### #....# #.......
#....# #####....... #....#
#........... #....#
#......#####


There were no monsters in sight!

Vanquished Creatures
  An adder (D:2)
  A leopard gecko (D:1)
  2 giant cockroaches
  5 goblins
  3 hobgoblins
  4 bats
  A frilled lizard (D:1)
  5 kobolds (D:1)
  5 rats
27 creatures vanquished.

Notes
Turn   | Place    | Note
-------+----------+-------------------------------------------
     0 | D:1      | Zeld the Octopode Brigand began the quest for the Orb.
     0 | D:1      | Reached XP level 1. HP: 14/14 MP: 1/1
   150 | D:1      | Reached XP level 2. HP: 19/19 MP: 2/2
   919 | D:2      | Reached XP level 3. HP: 24/24 MP: 3/3
  1062 | D:2      | Noticed Natasha
  1083 | D:2      | Killed from afar by Natasha

Illustrated notes

Levels and vault maps discovered:
D:1:      elethiomel_arrival_shortcut, layout_loops_ring, supply_closet_lemuel
D:2:      layout_basic, serial_co_window_serial, co_window_paths_b,
          co_window_paths_b, co_window_paths_a, co_window_of_opportunity_a,
          co_window_of_opportunity_a, co_window_unsneaky_path_c,
          co_window_corner_cb, co_window_of_opportunity_c, co_window_broadway_a,
          co_window_broadway_b, co_window_corner_b, glass_columns_a,
          glass_columns_c, glass_columns_c, uniq_natasha

Action                   || total
-------------------------++-------
Melee: Dagger            ||    40
       Constrict         ||     8
       Tentacles         ||     3
 Stab: Sleeping          ||    16
Dodge: Dodged            ||    15
